 Dungeon Crawl Stone Soup version 0.29.0-4-gdea44cf6ec (webtiles) character file.

Game seed: 18275354200391143385

9429 qw the Grappler (level 11, -23/115 HPs)
             Began as a Troll Cinder Acolyte on Sept 2, 2022.
             Was an Initiate of Okawaru.
             Succumbed to orange demon's concentrated venom
             ... on level 11 of the Dungeon.
             The game lasted 00:05:36 (9011 turns).

qw the Grappler (Troll Cinder Acolyte)              Turns: 9011, Time: 00:05:36

Health: -23/115    AC:  6    Str: 28    XL:     11   Next: 22%
Magic:  11/11      EV:  9    Int: 10    God:    Okawaru [......]
Gold:   658        SH:  5    Dex:  3    Spells: 12/12 levels left

rFire   . . .      SeeInvis +     - Unarmed
rCold   + . .      Faith    .   (no shield)
rNeg    . . .      Spirit   .   j - +2 robe {rC+}
rPois   .          Reflect  +   (helmet restricted)
rElec   .          Harm     .   (no cloak)
rCorr   .          Rampage  .   (gloves unavailable)
Will    .....                   (boots unavailable)
Stlth   +.........              k - amulet of reflection
HPRegen 1.09/turn               l - ring of see invisible
MPRegen 0.12/turn               m - ring of protection from fire

@: lethally poisoned (-23 -> -96), about to teleport, weakened, slowed, fire
susceptible, very slow
A: large, unfitting armour, claws 3, regeneration 1, shaggy fur 1, tough skin 1,
clumsy 1, mutation resistance 1, robust 1
a: Renounce Religion


You were on level 11 of the Dungeon.
You worshipped Okawaru.
Okawaru was noncommittal.
You visited 1 branch of the dungeon, and saw 11 of its levels.
You also visited: Sewer and Ossuary.

You collected 658 gold pieces.


Innate Abilities, Weirdness & Mutations

You are too large for most types of armour.
You have claws for hands.
Your natural rate of healing is unusually fast.
You are covered in fur. (AC +1)
You have tough skin. (AC +1)
You are clumsy. (Dex -2)
You are somewhat resistant to further mutation.
You are robust. (+10% HP)


   Skills:
 - Level 6.1 Fighting
 - Level 6.3 Throwing
 - Level 1.2 Dodging
 + Level 14.7 Unarmed Combat
 - Level 1.0 Spellcasting
 - Level 2.1 Fire Magic


You had 12 spell levels left.
You didn't know any spells.
Your spell library contained the following spells:

 Spells                   Type           Power      Damage    Failure   Level
 Scorch                   Fire           8%         2d5       22%         2

Inventory:

Missiles
 d - 14 boomerangs
 u - 3 large rocks (quivered)
Armour
 j - a +2 robe of cold resistance (worn)
 r - +0 steam dragon scales
Jewellery
 k - an amulet of reflection (around neck)
 l - a ring of see invisible (left claw)
 m - a ring of protection from fire (right claw)
 s - a ring of willpower
 t - a ring of willpower
Scrolls
 e - 2 scrolls of enchant armour
 i - a scroll of brand weapon
 n - 3 scrolls of enchant weapon
 p - 5 scrolls of identify
 q - 2 scrolls of teleportation
Potions
 a - 2 potions of heal wounds
 b - a potion of haste
 c - 4 potions of mutation
 f - a potion of cancellation
 g - a potion of resistance
 h - a potion of curing
 o - 2 potions of might
 v - 2 potions of magic

Dungeon Overview and Level Annotations

Branches:
Dungeon (11/15)            Temple (0/1) D:6             Orc (0/2) D:9
  Sewer (visited)         Ossuary (visited)
   Lair: D:8-11

Altars:
Dithmenos
Elyvilon
Fedhas
Okawaru
Sif Muna
Vehumet
Wu Jian
Zin

Annotations:
D:11 Amaemon


Message History

Amaemon hits you with a -2 demon whip of venom.
You are more poisoned.
Amaemon completely misses you. Amaemon barely misses you.
The orange demon stings you but does no damage.
The orange demon misses you.
You claw the two-headed ogre!
You kill the two-headed ogre!
Okawaru accepts your kill.
You feel very sick.
Your Throwing skill increases to level 6!
You scratch Amaemon.
Amaemon is lightly wounded.
You feel very sick.
Amaemon hits you with a -2 demon whip of venom!
You are more poisoned.
Amaemon closely misses you.
Amaemon tail-slaps you but does no damage.
The orange demon stings you. You block the orange demon's attack.
You barely miss Amaemon. You claw Amaemon!
Amaemon is moderately wounded.
You feel extremely sick.
Amaemon hits you with a -2 demon whip of venom!
You are more poisoned.
Amaemon claws you! Amaemon closely misses you. The orange demon stings you.
The orange demon hits you.
You barely miss Amaemon.
Amaemon is moderately wounded.
You feel extremely sick.
Amaemon hits you with a -2 demon whip of venom.
You are more poisoned.
Amaemon barely misses you. Amaemon tail-slaps you.
You are more poisoned.
Amaemon poisons you! The orange demon stings you!
You are more poisoned.
You have difficulty breathing.
You feel yourself slow down.
The orange demon hits you but does no damage.
9011 ||| READING 3 scrolls of teleportation.
As you read the scroll of teleportation, it crumbles to dust.
You feel strangely unstable.
You die...

#####.:.# #......^#
#.......# #.?..$..#
#......# #......###
#)46...... ...#.(. #.#
#.@....# ...#...##.#
##.##### ...#...##.# #.#
...#...##.# #.#######
##...# #....####.#.....#.
..# #....#....#.......
..# #....#.###........
..######....'............
##...(......#...........#


You could see Amaemon and an orange demon (curare).

Vanquished Creatures
  A two-headed ogre (D:11)
  An ugly thing (D:10)
  A cyclops (D:11)
  An unseen horror (D:11)
  2 trolls (D:11)
  2 shadows
  2 wyverns (D:9)
  Sigmund (D:6)
  11 yaks
  3 wraiths
  Eustachio (D:4)
  2 steam dragons
  An acid dragon (D:10)
  4 water moccasins
  Duvessa (D:7)
  2 orc warriors
  2 black bears
  A sky beast (D:6)
  An ice beast (D:4)
  3 centaurs
  4 bullfrogs
  2 kobold brigands
  A necrophage (D:4)
  6 scorpions
  10 wights
  Dowan (D:7)
  5 killer bees (D:10)
  A howler monkey (D:9)
  4 jellies
  3 gnoll boudas
  A hound (D:4)
  5 orc priests
  4 iguanas
  7 orc wizards
  A statue (D:4)
  A mummy (D:7)
  23 gnolls
  10 adders
  4 river rats (Sewer)
  2 shadow imps (D:7)
  A white imp (D:7)
  2 adder zombies (Ossuary)
  6 worms (Sewer)
  5 dart slugs
  20 orcs
  10 ball pythons
  9 endoplasms
  7 giant cockroaches
  13 goblins
  6 hobgoblins
  7 jackals (D:1)
  18 kobolds
  6 quokkas
  5 bats
  4 frilled lizards
  2 hobgoblin skeletons (Ossuary)
  2 hobgoblin zombies
  6 kobold zombies
  An orc zombie (Ossuary)
  14 rats
282 creatures vanquished.

Vanquished Creatures (others)
  An orc (D:6)
1 creature vanquished.

Grand Total: 283 creatures vanquished

Notes
Turn   | Place    | Note
-------+----------+-------------------------------------------
     0 | D:1      | qw the Troll Cinder Acolyte began the quest for the Orb.
     0 | D:1      | Reached XP level 1. HP: 22/22 MP: 1/1
     0 | D:1      | 0 ||| qw: Version: 0.1-a-97-g2dd2ca4
     0 | D:1      | 0 ||| qw: Game counter: 4936
     0 | D:1      | 0 ||| qw: Always use a shield: true
     0 | D:1      | 0 ||| qw: God list: Okawaru
     0 | D:1      | 0 ||| qw: Allow faded altars: false
     0 | D:1      | 0 ||| qw: Do Orc after D:15 true
     0 | D:1      | 0 ||| qw: Do second Lair branch before Depths: true
     0 | D:1      | 0 ||| qw: Lair rune preference: random
     0 | D:1      | 0 ||| qw: Plans: Normal
     0 | D:1      | 0 ||| PLANNING D:1-11
    64 | D:1      | 64 ||| Stepping ~*~*~tactically~*~*~ (stealth).
    70 | D:1      | 70 ||| INVOKING Fiery Armour.
    72 | D:1      | Reached XP level 2. HP: 9/29 MP: 2/2
    73 | D:1      | HP: 7/29 [ball python (3)]
   141 | D:1      | Reached skill level 4 in Unarmed Combat
   203 | D:1      | Found a faded altar of an unknown god.
   255 | D:1      | Reached XP level 3. HP: 36/36 MP: 3/3
   353 | D:1      | 353 ||| Stepping ~*~*~tactically~*~*~ (stealth).
   355 | D:1      | 355 ||| Stepping ~*~*~tactically~*~*~ (stealth).
   504 | D:1      | 504 ||| Stepping ~*~*~tactically~*~*~ (stealth).
   509 | D:1      | 509 ||| Stepping ~*~*~tactically~*~*~ (stealth).
   510 | D:1      | 510 ||| PLANNING D:1-11
   588 | D:1      | 588 ||| Stepping ~*~*~tactically~*~*~ (stealth).
   654 | D:1      | 654 ||| READING scroll labelled UXOADGHE XAACU.
   655 | D:1      | 655 ||| READING scroll labelled ILARUM OWOYSS.
   656 | D:1      | 656 ||| READING scroll labelled NEUTUTW IWEANO.
   657 | D:1      | 657 ||| READING scroll labelled CAKOWA TOSTO.
   658 | D:1      | 658 ||| DRINKING 2 grey potions.
   658 | D:1      | Gained mutation: You are robust. (+10% HP) [potion of
                  | mutation]
   658 | D:1      | Gained mutation: You are clumsy. (Dex -2) [potion of
                  | mutation]
   658 | D:1      | Gained mutation: You are somewhat resistant to further
                  | mutation. [potion of mutation]
   661 | D:1      | 661 ||| DRINKING 2 viscous sapphire potions.
   662 | D:1      | 662 ||| DRINKING 2 black potions.
   663 | D:1      | 663 ||| DROPPING potion of flight.
   789 | D:2      | 789 ||| INVOKING Fiery Armour.
   795 | D:2      | Reached skill level 5 in Unarmed Combat
   795 | D:2      | Reached XP level 4. HP: 33/48 MP: 4/4
   796 | D:2      | 796 ||| Stepping ~*~*~tactically~*~*~ (outnumbered).
   799 | D:2      | 799 ||| FLEEEEING.
   800 | D:2      | 800 ||| FLEEEEING.
   801 | D:2      | 801 ||| FLEEEEING.
   802 | D:2      | 802 ||| FLEEEEING.
   805 | D:2      | 805 ||| FLEEEEING.
   809 | D:2      | 809 ||| FLEEEEING.
   810 | D:2      | 810 ||| FLEEEEING.
   811 | D:2      | 811 ||| FLEEEEING.
   812 | D:2      | 812 ||| FLEEEEING.
   813 | D:2      | 813 ||| FLEEEEING.
  1002 | D:2      | 1002 ||| Stepping ~*~*~tactically~*~*~ (hiding).
  1188 | D:2      | Found an iron altar of Okawaru.
  1311 | D:2      | 1311 ||| Stepping ~*~*~tactically~*~*~ (stealth).
  1312 | D:2      | 1312 ||| Stepping ~*~*~tactically~*~*~ (stealth).
  1336 | D:2      | 1336 ||| Stepping ~*~*~tactically~*~*~ (stealth).
  1485 | D:2      | 1485 ||| DROPPING orb of wrath.
  1486 | D:2      | 1486 ||| UPGRADING to ring of willpower.
  1487 | D:2      | 1487 ||| READING 3 scrolls labelled QYNUSY WINWOZO.
  1488 | D:2      | 1488 ||| READING scroll labelled USIOZ QYSTRO.
  1493 | D:2      | 1493 ||| READING scroll labelled DAAMIV YNGABB.
  1494 | D:2      | 1494 ||| READING 2 scrolls labelled RODACW SETUROMM.
  1495 | D:2      | 1495 ||| READING scroll labelled MORPHA VUERPHY.
  1496 | D:2      | 1496 ||| READING scroll labelled TALOSI TEXT.
  1497 | D:2      | 1497 ||| READING 3 scrolls labelled VIWOUTZ QUHECU.
  1498 | D:2      | 1498 ||| DRINKING 3 murky amethyst potions.
  1499 | D:2      | 1499 ||| DROPPING 2 scrolls of vulnerability.
  1500 | D:2      | 1500 ||| DROPPING 2 potions of attraction.
  1501 | D:2      | 1501 ||| Stepping randomly (stuck).
  1502 | D:2      | 1502 ||| Stepping ~*~*~tactically~*~*~ (cloud).
  1552 | D:3      | 1552 ||| PLANNING SEWER
  1552 | D:3      | 1552 ||| STAIRDANCE
  1557 | D:3      | 1557 ||| STAIRDANCE
  1573 | D:3      | 1573 ||| STAIRDANCE
  1575 | D:2      | 1575 ||| INVOKING Fiery Armour.
  1576 | D:2      | 1576 ||| Stepping ~*~*~tactically~*~*~ (outnumbered).
  1577 | D:2      | 1577 ||| Stepping ~*~*~tactically~*~*~ (outnumbered).
  1578 | D:2      | 1578 ||| Stepping ~*~*~tactically~*~*~ (outnumbered).
  1585 | D:2      | Reached XP level 5. HP: 42/55 MP: 5/5
  1603 | D:3      | 1603 ||| STAIRDANCE
  1617 | D:3      | Reached skill level 6 in Unarmed Combat
  1627 | D:3      | Found a blossoming altar of Fedhas.
  1718 | D:3      | 1718 ||| Stepping ~*~*~tactically~*~*~ (hiding).
  1720 | D:3      | 1720 ||| Stepping ~*~*~tactically~*~*~ (hiding).
  1739 | D:3      | 1739 ||| Stepping ~*~*~tactically~*~*~ (stealth).
  1773 | D:3      | 1773 ||| Stepping ~*~*~tactically~*~*~ (stealth).
  1777 | D:3      | 1777 ||| Stepping ~*~*~tactically~*~*~ (outnumbered).
  1878 | D:3      | 1878 ||| Stepping ~*~*~tactically~*~*~ (outnumbered).
  2091 | D:3      | Found a white marble altar of Elyvilon.
  2195 | D:3      | Found a glowing drain.
  2196 | D:3      | 2196 ||| READING scroll labelled VAERCH ZEIL.
  2197 | D:3      | 2197 ||| DRINKING 2 fizzy golden potions.
  2214 | D:3      | 2214 ||| DROPPING potion of lignification.
  2218 | Sewer    | Entered a sewer
  2365 | Sewer    | 2365 ||| INVOKING Fiery Armour.
  2506 | Sewer    | Reached XP level 6. HP: 59/64 MP: 6/6
  2664 | Sewer    | Reached skill level 7 in Unarmed Combat
  2868 | Sewer    | 2868 ||| DRINKING 2 blue potions.
  2869 | Sewer    | 2869 ||| DROPPING potion of magic.
  2892 | D:3      | 2892 ||| PLANNING D:1-11
  2942 | D:3      | 2942 ||| READING scroll of teleportation.
  2957 | D:4      | Noticed an ice beast
  2958 | D:4      | 2958 ||| INVOKING Fiery Armour.
  2963 | D:4      | 2963 ||| STAIRDANCE
  2971 | D:4      | Killed an ice beast
  2972 | D:4      | Reached skill level 8 in Unarmed Combat
  2972 | D:4      | Reached XP level 7. HP: 52/72 MP: 7/7
  2972 | D:4      | 2972 ||| STAIRDANCE
  3023 | D:4      | Reached skill level 3 in Fighting
  3045 | D:4      | Noticed Eustachio
  3046 | D:4      | 3046 ||| Stepping ~*~*~tactically~*~*~ (hiding).
  3055 | D:4      | 3055 ||| Stepping ~*~*~tactically~*~*~ (outnumbered).
  3056 | D:4      | 3056 ||| Stepping ~*~*~tactically~*~*~ (outnumbered).
  3057 | D:4      | 3057 ||| Stepping ~*~*~tactically~*~*~ (outnumbered).
  3064 | D:4      | Killed Eustachio
  3083 | D:4      | Found a radiant altar of Vehumet.
  3084 | D:4      | 3084 ||| INVOKING Fiery Armour.
  3109 | D:4      | 3109 ||| Stepping ~*~*~tactically~*~*~ (hiding).
  3113 | D:4      | 3113 ||| Stepping ~*~*~tactically~*~*~ (outnumbered).
  3117 | D:4      | 3117 ||| Stepping ~*~*~tactically~*~*~ (outnumbered).
  3118 | D:4      | 3118 ||| Stepping ~*~*~tactically~*~*~ (outnumbered).
  3122 | D:4      | 3122 ||| Stepping ~*~*~tactically~*~*~ (outnumbered).
  3123 | D:4      | 3123 ||| Stepping ~*~*~tactically~*~*~ (outnumbered).
  3125 | D:4      | Reached skill level 9 in Unarmed Combat
  3173 | D:4      | 3173 ||| Stepping ~*~*~tactically~*~*~ (outnumbered).
  3174 | D:4      | 3174 ||| Stepping ~*~*~tactically~*~*~ (outnumbered).
  3175 | D:4      | 3175 ||| Stepping ~*~*~tactically~*~*~ (outnumbered).
  3188 | D:4      | Reached XP level 8. HP: 62/82 MP: 8/8
  3309 | D:4      | 3309 ||| Stepping ~*~*~tactically~*~*~ (stealth).
  3751 | D:4      | Found an ornate altar of the Wu Jian Council.
  3861 | D:4      | 3861 ||| UPGRADING to amulet of reflection.
  3866 | D:4      | 3866 ||| READING scroll labelled ADEDAGH OLYDIVI.
  3967 | D:4      | 3967 ||| READING scroll labelled KUINTA LUETZ.
  3968 | D:4      | 3968 ||| DRINKING 2 lumpy ruby potions.
  3969 | D:4      | 3969 ||| DRINKING 2 orange potions.
  3970 | D:4      | 3970 ||| DROPPING potion of invisibility.
  3982 | D:5      | Entered Level 5 of the Dungeon
  3983 | D:5      | 3983 ||| PLANNING OSSUARY
  3986 | D:5      | 3986 ||| Stepping ~*~*~tactically~*~*~ (stealth).
  3992 | D:5      | 3992 ||| Stepping ~*~*~tactically~*~*~ (stealth).
  3993 | D:5      | 3993 ||| Stepping ~*~*~tactically~*~*~ (stealth).
  3994 | D:5      | 3994 ||| Stepping ~*~*~tactically~*~*~ (stealth).
  4081 | D:5      | Found a sand-covered staircase.
  4088 | Ossuary  | Entered an ossuary
  4131 | Ossuary  | Reached skill level 1 in Throwing
  4208 | Ossuary  | Noticed a flying skull
  4215 | Ossuary  | Noticed a flying skull
  4217 | Ossuary  | Noticed a flying skull
  4226 | Ossuary  | Reached skill level 3 in Throwing
  4231 | Ossuary  | Noticed a flying skull
  4236 | Ossuary  | Noticed a flying skull
  4290 | Ossuary  | Reached skill level 10 in Unarmed Combat
  4295 | Ossuary  | 4295 ||| DRINKING 2 murky sapphire potions.
  4296 | Ossuary  | 4296 ||| DRINKING 3 lumpy black potions.
  4297 | Ossuary  | 4297 ||| DROPPING 2 potions of brilliance.
  4357 | D:5      | 4357 ||| PLANNING D:1-11
  4408 | D:5      | 4408 ||| Stepping ~*~*~tactically~*~*~ (hiding).
  4424 | D:5      | 4424 ||| FLEEEEING.
  4426 | D:5      | 4426 ||| FLEEEEING.
  4427 | D:5      | 4427 ||| FLEEEEING.
  4428 | D:5      | 4428 ||| FLEEEEING.
  4429 | D:5      | 4429 ||| FLEEEEING.
  4430 | D:5      | 4430 ||| FLEEEEING.
  4431 | D:5      | 4431 ||| FLEEEEING.
  4432 | D:5      | 4432 ||| FLEEEEING.
  4433 | D:5      | 4433 ||| FLEEEEING.
  4434 | D:5      | 4434 ||| FLEEEEING.
  4435 | D:5      | 4435 ||| FLEEEEING.
  4436 | D:5      | 4436 ||| FLEEEEING.
  4437 | D:5      | 4437 ||| STAIRDANCE
  4454 | D:4      | 4454 ||| UPGRADING to ring of protection from fire.
  4465 | D:5      | 4465 ||| STAIRDANCE
  4731 | D:5      | 4731 ||| READING 2 scrolls of identify.
  4731 | D:5      | 4731 ||| IDENTIFYING viscous grey potion
  4756 | D:6      | Noticed Sigmund
  4757 | D:6      | 4757 ||| INVOKING Fiery Armour.
  4760 | D:6      | Killed Sigmund
  4762 | D:6      | 4762 ||| Stepping ~*~*~tactically~*~*~ (outnumbered).
  4764 | D:6      | 4764 ||| Stepping ~*~*~tactically~*~*~ (outnumbered).
  4765 | D:6      | 4765 ||| Stepping ~*~*~tactically~*~*~ (outnumbered).
  4766 | D:6      | 4766 ||| Stepping ~*~*~tactically~*~*~ (outnumbered).
  4767 | D:6      | 4767 ||| Stepping ~*~*~tactically~*~*~ (outnumbered).
  4770 | D:6      | Reached XP level 9. HP: 28/93 MP: 9/9
  4771 | D:6      | 4771 ||| Stepping ~*~*~tactically~*~*~ (outnumbered).
  4772 | D:6      | HP: 23/93 [gnoll/+0 halberd (7)]
  4773 | D:6      | 4773 ||| READING scroll of teleportation.
  4774 | D:6      | 4774 ||| Stepping ~*~*~tactically~*~*~ (outnumbered).
  4775 | D:6      | 4775 ||| DRINKING 2 potions of heal wounds.
  4776 | D:6      | 4776 ||| DRINKING potion of heal wounds.
  4777 | D:6      | 4777 ||| Stepping ~*~*~tactically~*~*~ (outnumbered).
  4857 | D:6      | Reached skill level 11 in Unarmed Combat
  4910 | D:6      | 4910 ||| Stepping ~*~*~tactically~*~*~ (outnumbered).
  4911 | D:6      | 4911 ||| Stepping ~*~*~tactically~*~*~ (outnumbered).
  4912 | D:6      | 4912 ||| Stepping ~*~*~tactically~*~*~ (outnumbered).
  4913 | D:6      | 4913 ||| Stepping ~*~*~tactically~*~*~ (outnumbered).
  4914 | D:6      | 4914 ||| Stepping ~*~*~tactically~*~*~ (outnumbered).
  4915 | D:6      | 4915 ||| Stepping ~*~*~tactically~*~*~ (outnumbered).
  4916 | D:6      | 4916 ||| Stepping ~*~*~tactically~*~*~ (outnumbered).
  4927 | D:6      | 4927 ||| INVOKING Fiery Armour.
  4975 | D:6      | Found a shadowy altar of Dithmenos.
  5008 | D:6      | Found an iron altar of Okawaru.
  5063 | D:6      | Found a staircase to the Ecumenical Temple.
  5064 | D:6      | 5064 ||| Stepping ~*~*~tactically~*~*~ (hiding).
  5067 | D:6      | 5067 ||| Stepping ~*~*~tactically~*~*~ (hiding).
  5297 | D:6      | Found a shimmering blue altar of Sif Muna.
  5377 | D:6      | 5377 ||| READING 2 scrolls of identify.
  5377 | D:6      | 5377 ||| IDENTIFYING smoky pink potion
  5426 | D:6      | 5426 ||| Stepping randomly (stuck).
  5446 | D:7      | 5446 ||| INVOKING Fiery Armour.
  5447 | D:7      | 5447 ||| Stepping ~*~*~tactically~*~*~ (outnumbered).
  5448 | D:7      | 5448 ||| Stepping ~*~*~tactically~*~*~ (outnumbered).
  5449 | D:7      | 5449 ||| STAIRDANCE
  5451 | D:6      | 5451 ||| Stepping ~*~*~tactically~*~*~ (outnumbered).
  5452 | D:6      | 5452 ||| Stepping ~*~*~tactically~*~*~ (outnumbered).
  5453 | D:6      | 5453 ||| Stepping ~*~*~tactically~*~*~ (outnumbered).
  5454 | D:6      | 5454 ||| Stepping ~*~*~tactically~*~*~ (outnumbered).
  5455 | D:6      | 5455 ||| Stepping ~*~*~tactically~*~*~ (outnumbered).
  5466 | D:7      | 5466 ||| STAIRDANCE
  5488 | D:7      | 5488 ||| FLEEEEING.
  5525 | D:7      | 5525 ||| Stepping ~*~*~tactically~*~*~ (hiding).
  5527 | D:7      | 5527 ||| Stepping ~*~*~tactically~*~*~ (hiding).
  5529 | D:7      | 5529 ||| Stepping ~*~*~tactically~*~*~ (hiding).
  5610 | D:7      | 5610 ||| Stepping ~*~*~tactically~*~*~ (stealth).
  5611 | D:7      | 5611 ||| Stepping ~*~*~tactically~*~*~ (stealth).
  5618 | D:7      | 5618 ||| Stepping ~*~*~tactically~*~*~ (outnumbered).
  5619 | D:7      | 5619 ||| Stepping ~*~*~tactically~*~*~ (outnumbered).
  5620 | D:7      | 5620 ||| Stepping ~*~*~tactically~*~*~ (outnumbered).
  5626 | D:7      | Reached skill level 12 in Unarmed Combat
  5690 | D:7      | 5690 ||| Stepping ~*~*~tactically~*~*~ (stealth).
  5692 | D:7      | 5692 ||| Stepping ~*~*~tactically~*~*~ (stealth).
  5698 | D:7      | 5698 ||| INVOKING Fiery Armour.
  5699 | D:7      | 5699 ||| Stepping ~*~*~tactically~*~*~ (outnumbered).
  5703 | D:7      | 5703 ||| Stepping ~*~*~tactically~*~*~ (outnumbered).
  5704 | D:7      | 5704 ||| Stepping ~*~*~tactically~*~*~ (outnumbered).
  5710 | D:7      | 5710 ||| Stepping ~*~*~tactically~*~*~ (outnumbered).
  5745 | D:7      | 5745 ||| Stepping ~*~*~tactically~*~*~ (stealth).
  5746 | D:7      | 5746 ||| Stepping ~*~*~tactically~*~*~ (stealth).
  5747 | D:7      | 5747 ||| Stepping ~*~*~tactically~*~*~ (stealth).
  5773 | D:7      | 5773 ||| Stepping ~*~*~tactically~*~*~ (stealth).
  5774 | D:7      | 5774 ||| Stepping ~*~*~tactically~*~*~ (stealth).
  5797 | D:7      | Noticed Duvessa
  5797 | D:7      | Noticed Dowan
  5805 | D:7      | Killed Duvessa
  5806 | D:7      | Killed Dowan
  6094 | D:7      | 6094 ||| READING scroll labelled CANO ZIRCHATYA.
  6116 | D:7      | 6116 ||| Stepping ~*~*~tactically~*~*~ (stealth).
  6202 | D:8      | 6202 ||| Stepping ~*~*~tactically~*~*~ (hiding).
  6213 | D:8      | Reached XP level 10. HP: 104/105 MP: 10/10
  6728 | D:8      | Found the +8 orange crystal plate armour {Archmagi, Int+3
                  | Clar}
  6809 | D:8      | 6809 ||| UPGRADING to +1 robe of cold resistance.
  6819 | D:8      | 6819 ||| DROPPING +0 robe.
  6820 | D:8      | 6820 ||| DROPPING amulet of magic regeneration.
  6821 | D:8      | 6821 ||| READING 4 scrolls of identify.
  6821 | D:8      | 6821 ||| IDENTIFYING murky coppery potion
  6822 | D:8      | 6822 ||| DROPPING potion of degeneration.
  6894 | D:9      | 6894 ||| INVOKING Fiery Armour.
  6976 | D:9      | Reached skill level 13 in Unarmed Combat
  6978 | D:9      | 6978 ||| Stepping ~*~*~tactically~*~*~ (outnumbered).
  6980 | D:9      | 6980 ||| Stepping ~*~*~tactically~*~*~ (outnumbered).
  6981 | D:9      | 6981 ||| Stepping ~*~*~tactically~*~*~ (outnumbered).
  6983 | D:9      | 6983 ||| Stepping ~*~*~tactically~*~*~ (outnumbered).
  6987 | D:9      | 6987 ||| Stepping ~*~*~tactically~*~*~ (outnumbered).
  6988 | D:9      | 6988 ||| Stepping ~*~*~tactically~*~*~ (outnumbered).
  6989 | D:9      | 6989 ||| Stepping ~*~*~tactically~*~*~ (outnumbered).
  6990 | D:9      | 6990 ||| Stepping ~*~*~tactically~*~*~ (outnumbered).
  6992 | D:9      | 6992 ||| Stepping ~*~*~tactically~*~*~ (outnumbered).
  6993 | D:9      | 6993 ||| Stepping ~*~*~tactically~*~*~ (outnumbered).
  6994 | D:9      | 6994 ||| Stepping ~*~*~tactically~*~*~ (outnumbered).
  6995 | D:9      | 6995 ||| Stepping ~*~*~tactically~*~*~ (outnumbered).
  6996 | D:9      | 6996 ||| Stepping ~*~*~tactically~*~*~ (outnumbered).
  6999 | D:9      | 6999 ||| FLEEEEING.
  7001 | D:9      | 7001 ||| Stepping ~*~*~tactically~*~*~ (outnumbered).
  7005 | D:9      | 7005 ||| FLEEEEING.
  7006 | D:9      | 7006 ||| FLEEEEING.
  7007 | D:9      | 7007 ||| FLEEEEING.
  7011 | D:9      | 7011 ||| Stepping ~*~*~tactically~*~*~ (outnumbered).
  7012 | D:9      | 7012 ||| Stepping ~*~*~tactically~*~*~ (outnumbered).
  7013 | D:9      | 7013 ||| Stepping ~*~*~tactically~*~*~ (outnumbered).
  7014 | D:9      | 7014 ||| Stepping ~*~*~tactically~*~*~ (outnumbered).
  7174 | D:9      | Found a staircase to the Orcish Mines.
  7323 | D:9      | Found a glowing silver altar of Zin.
  7470 | D:9      | Found a flagged portal.
  7471 | D:9      | 7471 ||| Stepping ~*~*~tactically~*~*~ (stealth).
  7569 | D:9      | 7569 ||| UPGRADING to +2 robe of cold resistance.
  7579 | D:9      | 7579 ||| DROPPING +1 robe of cold resistance.
  7580 | D:9      | 7580 ||| UPGRADING to ring of see invisible.
  7616 | D:10     | Entered Level 10 of the Dungeon
  7620 | D:10     | 7620 ||| Stepping ~*~*~tactically~*~*~ (hiding).
  7621 | D:10     | 7621 ||| Stepping ~*~*~tactically~*~*~ (hiding).
  7629 | D:10     | Reached skill level 14 in Unarmed Combat
  7659 | D:10     | 7659 ||| Stepping ~*~*~tactically~*~*~ (stealth).
  7668 | D:10     | Reached skill level 1 in Dodging
  7761 | D:10     | 7761 ||| Stepping ~*~*~tactically~*~*~ (outnumbered).
  7762 | D:10     | 7762 ||| Stepping ~*~*~tactically~*~*~ (outnumbered).
  7763 | D:10     | 7763 ||| Stepping ~*~*~tactically~*~*~ (outnumbered).
  7764 | D:10     | 7764 ||| Stepping ~*~*~tactically~*~*~ (outnumbered).
  7775 | D:10     | 7775 ||| Stepping ~*~*~tactically~*~*~ (outnumbered).
  7776 | D:10     | 7776 ||| Stepping ~*~*~tactically~*~*~ (outnumbered).
  7777 | D:10     | 7777 ||| Stepping ~*~*~tactically~*~*~ (outnumbered).
  7778 | D:10     | 7778 ||| Stepping ~*~*~tactically~*~*~ (outnumbered).
  7779 | D:10     | 7779 ||| Stepping ~*~*~tactically~*~*~ (outnumbered).
  7781 | D:10     | 7781 ||| Stepping ~*~*~tactically~*~*~ (outnumbered).
  7783 | D:10     | 7783 ||| FLEEEEING.
  7784 | D:10     | 7784 ||| FLEEEEING.
  7785 | D:10     | 7785 ||| FLEEEEING.
  7786 | D:10     | 7786 ||| FLEEEEING.
  7787 | D:10     | 7787 ||| FLEEEEING.
  7788 | D:10     | 7788 ||| FLEEEEING.
  7789 | D:10     | 7789 ||| FLEEEEING.
  7790 | D:10     | 7790 ||| FLEEEEING.
  7791 | D:10     | 7791 ||| FLEEEEING.
  7792 | D:10     | 7792 ||| FLEEEEING.
  7793 | D:10     | 7793 ||| FLEEEEING.
  7794 | D:10     | 7794 ||| FLEEEEING.
  7795 | D:10     | 7795 ||| FLEEEEING.
  7796 | D:10     | 7796 ||| STAIRDANCE
  7829 | D:10     | Reached skill level 6 in Fighting
  7829 | D:10     | 7829 ||| STAIRDANCE
  7944 | D:10     | Noticed a purple ugly thing
  7945 | D:10     | 7945 ||| Stepping ~*~*~tactically~*~*~ (stealth).
  7947 | D:10     | 7947 ||| Stepping ~*~*~tactically~*~*~ (stealth).
  7959 | D:10     | Killed a purple ugly thing
  8057 | D:10     | 8057 ||| Stepping ~*~*~tactically~*~*~ (hiding).
  8089 | D:10     | 8089 ||| Stepping ~*~*~tactically~*~*~ (stealth).
  8093 | D:10     | 8093 ||| Stepping ~*~*~tactically~*~*~ (stealth).
  8112 | D:10     | 8112 ||| INVOKING Fiery Armour.
  8582 | D:10     | 8582 ||| READING scroll labelled XEASEP ENEOT.
  8613 | D:11     | Noticed a cyclops
  8616 | D:11     | 8616 ||| FLEEEEING.
  8617 | D:11     | 8617 ||| FLEEEEING.
  8627 | D:11     | 8627 ||| Stepping ~*~*~tactically~*~*~ (stealth).
  8628 | D:11     | 8628 ||| FLEEEEING.
  8629 | D:11     | 8629 ||| Stepping ~*~*~tactically~*~*~ (hiding).
  8630 | D:11     | 8630 ||| INVOKING Fiery Armour.
  8630 | D:11     | Killed a cyclops
  8631 | D:11     | Reached XP level 11. HP: 93/115 MP: 11/11
  8631 | D:11     | 8631 ||| Stepping ~*~*~tactically~*~*~ (hiding).
  8632 | D:11     | 8632 ||| Stepping ~*~*~tactically~*~*~ (hiding).
  8681 | D:11     | 8681 ||| PLANNING CONVERSION TO OKAWARU
  8799 | D:6      | Fell from the grace of Ignis
  8799 | D:6      | Became a worshipper of Warmaster Okawaru
  8800 | D:6      | 8800 ||| PLANNING D:1-11
  9000 | D:11     | Noticed Amaemon
  9000 | D:11     | Noticed a two-headed ogre
  9007 | D:11     | Killed a two-headed ogre
  9008 | D:11     | Reached skill level 6 in Throwing
  9010 | D:11     | HP: 24/115 [poisoned by Amaemon]
  9010 | D:11     | HP: 10/115 [orange demon[Amaemon] (9)]
  9010 | D:11     | HP: 1/115 [asphyx]
  9011 | D:11     | 9011 ||| READING 3 scrolls of teleportation.
  9011 | D:11     | Succumbed to orange demon's concentrated venom

Levels and vault maps discovered:
D:1:      amcnicky_arrival_underground_garden, layout_loops_ring,
          ebering_ecumenical_altar_webs, minmay_pentomino_x4
D:2:      layout_basic, basic_altar, serial_park_tiny_1
D:3:      minmay_octagon_keep, layout_basic, elyvilon_altar_4, fedhas_altar_3,
          gup_sewer_entry_bowl
D:4:      layout_basic, vehumet_statue, nzn_wu_jian_contemplation,
          kennysheep_crisscross, uniq_eustachio
D:5:      layout_rooms, enter_ossuary_1, nrook_loot_triangle
D:6:      layout_rooms, lemuel_tele_altar, nicolae_dithmenos_the_darkroom,
          nicolae_overflow_hidden_temple, minmay_temple_entry_junction,
          uniq_sigmund
D:7:      layout_cave_pools, minmay_mini_ossuary, uniq_duvessa
D:8:      layout_loops_ring
D:9:      layout_irregular_city, kennysheep_mini, orc_0_dummy, enter_bailey_5
D:10:     layout_grid_maze
D:11:     layout_basic, lair_entry_dummy, uniq_amaemon

Skill      XL: |  1  2  3  4  5  6  7  8  9 10 11 |
---------------+----------------------------------+-----
Unarmed Combat | 4 5 6 8 9 10 12 14 | 14.7
Fighting       | 3 4 5 6 |  6.1
Throwing       | 3 5 6 |  6.3
Dodging        | 1 |  1.2
Spellcasting   | |  1.0
Fire Magic     | |  2.1

Action                   |  1- 3 |  4- 6 |  7- 9 | 10-12 || total
-------------------------+-------+-------+-------+-------++-------
Melee: Unarmed           |   101 |   229 |   221 |   146 ||   697
       Punch             |     2 |     2 |     7 |     9 ||    20
Throw: Large rock        |       |       |    24 |    22 ||    46
       Boomerang         |       |       |     6 |    21 ||    27
Invok: Fiery Armour      |     2 |     3 |     5 |     3 ||    13
  Use: Scroll            |     4 |     9 |     6 |     3 ||    22
       Potion            |     3 |     3 |     6 |       ||    12
Armor: Robe              |    30 |    53 |    85 |    38 ||   206
Dodge: Dodged            |    40 |    75 |    85 |    60 ||   260
Block: Other             |       |       |    50 |    37 ||    87
       Reflection        |       |       |     3 |     6 ||     9

Table legend:
 A = Non-vault XP
 B = Vault XP
 C = Vault XP percentage of total XP
 D = Non-vault monster count
 E = Vault monster count
 F = Vault count percentage of total count
                 A         B        C        D         E       F
            +---------+---------+-------+---------+---------+-------
      Total |   11833 |    1640 |  12.2 |     207 |      75 |  26.6
            +---------+---------+-------+---------+---------+-------
        D:1 |      56 |      16 |  22.2 |      29 |       2 |   6.5
        D:2 |     143 |       0 |   0.0 |      27 |       0 |   0.0
        D:3 |     103 |      40 |  28.0 |      16 |      17 |  51.5
        D:4 |     704 |     220 |  23.8 |      26 |       2 |   7.1
        D:5 |     209 |       0 |   0.0 |       7 |       0 |   0.0
        D:6 |    1299 |     214 |  14.1 |      24 |       1 |   4.0
        D:7 |    1213 |     225 |  15.6 |      27 |       7 |  20.6
        D:8 |     848 |       0 |   0.0 |      12 |       0 |   0.0
        D:9 |    1994 |       8 |   0.4 |      17 |       4 |  19.0
       D:10 |    2628 |       0 |   0.0 |      15 |       0 |   0.0
       D:11 |    2636 |       0 |   0.0 |       7 |       0 |   0.0
      Sewer |       0 |     262 | 100.0 |       0 |      28 | 100.0
    Ossuary |       0 |     655 | 100.0 |       0 |      14 | 100.0
            +---------+---------+-------+---------+---------+-------
